 Dungeon Crawl Stone Soup version 0.17-b1-15-g0f5fb43 (webtiles) character file.

500 Eucla the Skirmisher (level 7, -3/61 HPs)
             Began as a Hill Orc Fighter on Nov 7, 2015.
             Slain by Cookie's ghost (8 damage)
             ... in an ossuary.
             The game lasted 00:04:59 (3268 turns).

Eucla the Skirmisher (Hill Orc Fighter)             Turns: 3268, Time: 00:04:59

Health: -3/61      AC: 13    Str: 19    XL:     7   Next: 16%
Magic:  7/7        EV:  8    Int:  8    God:
Gold:   334        SH:  4    Dex: 12    Spells: 0 memorised, 6 levels left

rFire  . . .     SeeInvis .     a - +0 war axe
rCold  . . .     Clarity  .     h - +0 chain mail
rNeg   . . .     SustAt   .     o - +0 buckler
rPois  .         Gourm    .     (no helmet)
rElec  .         Spirit   .     n - +0 cloak
rCorr  .         Warding  .     g - +0 pair of gloves
rMut   .         Stasis   .     v - +0 pair of boots
MR     .....                    (no amulet)
Stlth  ..........               (no ring)
                                s - ring of wizardry

@: not resistant to hostile enchantments, extremely unstealthy
A: no striking features
a: no special abilities


You were in an ossuary.
You were not hungry.

You visited 1 branch of the dungeon, and saw 5 of its levels.
You also visited: Ossuary.

You collected 334 gold pieces.

Inventory:

Hand Weapons
 a - a +0 war axe (weapon)
Armour
 b - a +0 scale mail
 g - a +0 pair of gloves (worn)
 h - a +0 chain mail (worn)
 n - a +0 cloak (worn)
 o - a +0 buckler (worn)
 v - a +0 pair of boots (worn)
Jewellery
 s - a ring of wizardry (left hand)
 w - an uncursed ring of fire
Scrolls
 c - a scroll of remove curse {unknown}
 j - 5 scrolls of identify {unknown}
 k - a scroll of fear {unknown}
 m - 2 scrolls of fog {unknown}
 q - a scroll of immolation {unknown}
 t - a scroll of magic mapping {unknown}
Potions
 d - a potion of might
 f - 3 potions of curing {unknown}
 i - 2 potions of brilliance {unknown}
 l - a potion of degeneration {unknown}
 r - 2 potions of flight {unknown}
 x - a potion of mutation {unknown}
Comestibles
 e - 6 bread rations
 p - 6 fruits


   Skills:
 + Level 5.6 Fighting
 + Level 5.6 Axes
 + Level 5.3 Armour
 + Level 2.4 Dodging
 - Level 3.2 Shields


You had 6 spell levels left.
You didn't know any spells.

Dungeon Overview and Level Annotations

Branches:
Dungeon (5/15)
 Temple: D:4-7

Altars:

Annotations:
Ossuary Cookie's ghost, amateur DsFi


Message History

The kobold zombie barely misses you. Cookie's ghost hits you!
Unknown command.
Your chain mail prevents you from hitting Cookie's ghost.
Cookie's ghost is heavily damaged.
You hit the kobold zombie.
You destroy the kobold zombie!
Cookie's ghost hits you! x2
* * * LOW HITPOINT WARNING * * *
Your chain mail prevents you from hitting Cookie's ghost.
Cookie's ghost is moderately damaged.
Your chain mail prevents you from hitting the kobold zombie.
Cookie's ghost hits you!
* * * LOW HITPOINT WARNING * * *
The kobold zombie hits you but does no damage.
Unknown command.
You slash Cookie's ghost!
Cookie's ghost is heavily damaged.
Your chain mail prevents you from hitting the kobold zombie.
Cookie's ghost hits you!
You die...

#################
.......∩∩@WZZ....
..........ZZ.....
.##############..


You could see Cookie's ghost and 4 kobold zombies.

Vanquished Creatures
  A sky beast (D:5)
  An ogre (D:4)
  A hound (D:4)
  Crazy Yiuf (D:2)
  Terence (D:2)
  An orc wizard (D:4)
  A worker ant (D:4)
  A hound skeleton (D:3)
  Robin (D:2)
  4 adders
  3 worms
  2 adder skeletons (D:4)
  5 giant geckos
  10 orcs
  2 ball pythons (D:3)
  3 giant cockroaches
  16 goblins
  12 hobgoblins
  15 jackals
  5 kobolds
  2 quokkas
  5 bats
  3 giant newts
  A kobold zombie (Ossuary)
  9 rats
  3 fungi (D:2)
109 creatures vanquished.

Notes
Turn   | Place    | Note
--------------------------------------------------------------
     0 | D:1      | Eucla the Hill Orc Fighter began the quest for the Orb.
     0 | D:1      | Reached XP level 1. HP: 19/19 MP: 1/1
   231 | D:1      | Reached XP level 2. HP: 22/27 MP: 2/2
   540 | D:2      | Reached skill level 4 in Fighting
   596 | D:2      | Reached XP level 3. HP: 25/33 MP: 3/3
   763 | D:2      | Noticed Terence
   777 | D:2      | Killed Terence
   777 | D:2      | Reached XP level 4. HP: 15/41 MP: 4/4
  1021 | D:2      | Noticed Crazy Yiuf
  1032 | D:2      | Killed Crazy Yiuf
  1032 | D:2      | Reached skill level 1 in Dodging
  1265 | D:2      | Noticed Robin
  1286 | D:2      | Killed Robin
  1286 | D:2      | Reached XP level 5. HP: 41/47 MP: 5/5
  2603 | D:4      | Noticed an ogre
  2608 | D:4      | Killed an ogre
  2608 | D:4      | Reached skill level 5 in Fighting
  2608 | D:4      | Reached XP level 6. HP: 44/56 MP: 6/6
  2625 | D:4      | Reached skill level 5 in Axes
  2635 | D:4      | Reached skill level 5 in Armour
  3177 | D:5      | Entered Level 5 of the Dungeon
  3238 | D:5      | Reached XP level 7. HP: 47/61 MP: 7/7
  3243 | D:5      | Found a sand-covered staircase.
  3252 | Ossuary  | Entered an ossuary
  3256 | Ossuary  | Noticed Cookie's ghost (amateur DsFi)
  3268 | Ossuary  | Slain by Cookie's ghost

Action                   |  1- 3 |  4- 6 |  7- 9 || total
-------------------------+-------+-------+-------++-------
Melee: War axe           |   105 |   256 |    11 ||   372
 Stab: Distracted        |       |     1 |       ||     1
  Eat: Chunk             |       |     7 |       ||     7
       Fruit             |       |       |     2 ||     2
       Royal jelly       |       |       |     1 ||     1
